 Dungeon Crawl Stone Soup version 0.31-a0-430-gf8416d752b (webtiles) character file.

Game seed: 16577845945113867990

1310 iforgotmypassword the Shield-Bearer (level 8, -24/64 HPs)
             Began as a Formicid Fighter on July 31, 2023.
             Was an Initiate of the Shining One.
             Annihilated by a two-headed ogre
             ... wielding a +0 giant club
              (26 damage)
             ... on level 5 of the Dungeon.
             The game lasted 00:08:11 (5240 turns).

iforgotmypassword the Shield-Bearer (FoFi)          Turns: 5240, Time: 00:08:12

Health: -24/64     AC: 10    Str: 22    XL:     8   Next: 88%
Magic:  8/8        EV:  9    Int:  9    God:    the Shining One [......]
Gold:   308        SH:  6    Dex: 19    Spells: 7/7 levels left

rFire   + . .        a - +1 war axe (venom)
rCold   . . .        c - +0 buckler
rNeg    . . .        y - +2 scale mail {rF+}
rPois   .            (helmet unavailable)
rElec   .            (no cloak)
rCorr   .            (no gloves)
SInv    +            w - +0 pair of boots
Will    .....        l - amulet of the acrobat Stlth
                     q - +6 ring of dexterity
HPRegen 0.30/turn    (no ring)
MPRegen 0.11/turn

%: acrobat
@: glowing
A: permanent stasis, dig shafts and tunnels, antennae 3, four strong arms
a: Dig, Shaft Self, Renounce Religion


You were on level 5 of the Dungeon.
You worshipped the Shining One.
The Shining One was noncommittal.
You visited 2 branches of the dungeon, and saw 7 of its levels.

You collected 308 gold pieces.

Inventory:

Hand Weapons
 a - a +1 war axe of venom (weapon)
 d - a +3 dire flail of protection
Missiles
 s - a throwing net
Armour
 b - a +0 scale mail
 c - a +0 buckler (worn)
 i - a +0 chain mail
 w - a +0 pair of boots (worn)
 y - a +2 scale mail of fire resistance (worn)
Jewellery
 l - an amulet of the acrobat (around neck)
 q - a +6 ring of dexterity (left hand)
Wands
 p - a wand of polymorph (11)
 u - a wand of flame (5)
Scrolls
 k - a scroll of amnesia
 o - a scroll of enchant weapon
 B - a scroll of fear
Potions
 e - a potion of mutation {unknown}
 f - 2 potions of heal wounds {unknown}
 g - 3 potions of curing {unknown}
 h - 4 potions of degeneration {unknown}
 r - a potion of haste {unknown}
 z - a potion of brilliance {unknown}
 A - a potion of berserk rage {unknown}


   Skills:
 + Level 5.9 Fighting
 * Level 6.7 Axes
 + Level 5.9 Armour
 + Level 7.1 Shields


You had 7 spell levels left.
You didn't know any spells.
Your spell library was empty.

Dungeon Overview and Level Annotations

Branches:
Dungeon (6/15)             Temple (1/1) D:5

Altars:
Ashenzari
Cheibriados
Dithmenos
Elyvilon
Fedhas
Gozag
Hepliaklqana
Makhleb
Nemelex Xobeh
Okawaru
Qazlal
Ru
Sif Muna
Trog
Uskayaw
Vehumet
Wu Jian
Xom
Yredelemnul
Zin
The Shining One

Shops:
D:1 :*   D:2 (

Annotations:
D:6 Sigmund


Innate Abilities, Weirdness & Mutations

You cannot be hasted, slowed, berserked, paralysed or teleported.
You can dig through walls and to a lower floor.
You have a pair of large antennae on your head. (SInv)
Your four strong arms can wield two-handed weapons with a shield.


Message History

The orc is moderately wounded.
The orc barely misses you.
You barely miss the orc.
The orc is heavily wounded.
The orc closely misses you. The orc completely misses you.
Sigmund gestures wildly while chanting.
Sigmund flickers and vanishes for a moment.
You kill the orc!
Sigmund points at you and mumbles some strange words.
The magic dart hits you!
There is an open door here.
There is a stone staircase leading up here.
The two-headed ogre hits you with a +0 giant club!!
The two-headed ogre hits you with a +0 giant club!
You climb upwards.
There is a stone staircase leading down here.
You slash the two-headed ogre!
The two-headed ogre looks as sick as possible!
The two-headed ogre is moderately wounded.
You block the two-headed ogre's attack. The two-headed ogre barely misses you.
You slash the two-headed ogre!
The two-headed ogre looks as sick as possible!
The two-headed ogre is heavily wounded.
You hit the two-headed ogre.
The two-headed ogre looks as sick as possible!
The two-headed ogre is severely wounded.
The two-headed ogre hits you with a +0 giant club.
The two-headed ogre closely misses you.
You slash the two-headed ogre!
The two-headed ogre looks as sick as possible!
The two-headed ogre is almost dead.
The two-headed ogre hits you with a +0 giant club!
* * * LOW HITPOINT WARNING * * *
The two-headed ogre closely misses you.
The two-headed ogre attacks as you move away!
The two-headed ogre hits you with a +0 giant club!
* * * LOW HITPOINT WARNING * * *
The two-headed ogre hits you with a +0 giant club!!
You die...

###### ###########
#....######.........#
#...................##
#....................#
#..........##........# ####
#..........##........###...
#.........@..........#.....
#....>.....O#........+.....
#..............#.....#.....
#..............#.....#.....
#..............+.....#.....
##...###.......#.....###...
#.....###+#...#...........
#.....###.#...####........
###...............##........


You could see a two-headed ogre (extremely poisoned).

Vanquished Creatures
  Pikel (D:4)
  An ice beast (D:5)
  An ogre (D:5)
  A phantom (D:5)
  2 lemures (D:3)
  2 scorpions
  A howler monkey (D:5)
  An orc priest (D:5)
  4 jellies
  An iguana (D:5)
  2 sleepcaps (D:5)
  2 orc wizards
  5 gnolls
  6 adders
  A worm (D:2)
  2 dart slugs (D:3)
  12 orcs
  8 ball pythons
  8 bats
  8 endoplasms
  11 giant cockroaches
  5 goblins
  5 hobgoblins
  4 jackals (D:2)
  2 kobolds
  4 quokkas
  2 frilled lizards
  6 rats
108 creatures vanquished.

Notes
Turn   | Place    | Note
-------+----------+-------------------------------------------
     0 | D:1      | iforgotmypassword the Formicid Fighter began the quest for
                  | the Orb.
     0 | D:1      | Reached XP level 1. HP: 18/18 MP: 1/1
    74 | D:1      | Found Hakut's General Store.
   181 | D:1      | Reached XP level 2. HP: 24/24 MP: 2/2
   356 | D:1      | Reached XP level 3. HP: 22/29 MP: 3/3
   896 | D:1      | Found Loguwa Fephi's Book Shoppe.
  1805 | D:3      | Reached XP level 4. HP: 37/37 MP: 4/4
  2100 | D:2      | Found Etagumn's Weapon Shop.
  2605 | D:2      | Reached XP level 5. HP: 26/42 MP: 5/5
  2746 | D:3      | Found an opulent altar of Gozag.
  2746 | D:3      | Found an iron altar of Okawaru.
  2844 | D:2      | Reached skill level 5 in Shields
  3523 | D:4      | Found a snail-covered altar of Cheibriados.
  3542 | D:4      | Noticed Pikel
  3542 | D:4      | Noticed a lemure
  3542 | D:4      | Noticed a lemure
  3542 | D:4      | Noticed a lemure
  3542 | D:4      | Noticed a lemure
  3598 | D:3      | Killed a lemure
  3624 | D:3      | Killed a lemure
  3646 | D:4      | Killed Pikel
  3647 | D:4      | Reached skill level 5 in Fighting
  3647 | D:4      | Reached skill level 5 in Axes
  3647 | D:4      | Reached skill level 5 in Armour
  3647 | D:4      | Reached skill level 6 in Shields
  3647 | D:4      | Reached XP level 6. HP: 7/51 MP: 6/6
  3647 | D:4      | Reached XP level 7. HP: 8/56 MP: 7/7
  3889 | D:4      | Noticed Edmund
  3900 | D:4      | Edmund changed into Edmund the jelly
  3900 | D:4      | Noticed Edmund
  3905 | D:4      | Killed Edmund the jelly
  4102 | D:5      | Entered Level 5 of the Dungeon
  4370 | D:5      | Reached XP level 8. HP: 43/62 MP: 8/8
  4448 | D:5      | Found a staircase to the Ecumenical Temple.
  4458 | Temple   | Entered the Ecumenical Temple
  4555 | Temple   | Became a worshipper of the Shining One
  4977 | D:5      | Reached skill level 7 in Shields
  5215 | D:6      | Noticed a two-headed ogre
  5215 | D:6      | Noticed Sigmund
  5240 | D:5      | HP: 2/64 [two-headed ogre/+0 giant club (15)]
  5240 | D:5      | Annihilated by a two-headed ogre

Illustrated notes

Levels and vault maps discovered:
D:1:      mainiacjoe_arrival_reflecting_pool, layout_basic,
          serial_co_window_serial, co_window_corner_a,
          co_window_of_opportunity_a, co_window_corner_a, co_window_paths_a,
          co_window_corner_a, co_window_of_opportunity_c, co_window_corner_b,
          co_window_broadway_c, co_window_of_opportunity_b, co_window_sun,
          co_window_paths_d, glass_columns_a, glass_columns_a, glass_columns_b,
          glass_columns_a, serial_shops, shop, shop, minmay_worlds_worst_comb
D:2:      layout_basic, serial_shops, shop
D:3:      layout_rooms, amethyst_overflow_temple_binary,
          minmay_fractal_squares_5
D:4:      layout_loops_ring, cheibriados_altar_1, uniq_edmund, uniq_pikel
D:5:      layout_basic, temple_hall
D:6:      layout_basic, mainiacjoe_overflow_brackets, uniq_sigmund
Temple:   compressed_dpeg_circular_temple

Skill      XL: |  1  2  3  4  5  6  7  8 |
---------------+-------------------------+-----
Axes           | 3 5 6 |  6.7
Fighting       | 4 5 |  5.9
Armour         | 5 |  5.9
Shields        | 6 7 |  7.1

Action                     |  1- 3 |  4- 6 |  7- 9 || total
---------------------------+-------+-------+-------++-------
  Melee: War axe           |   102 |   127 |    91 ||   320
  Evoke: Wand              |       |       |     1 ||     1
    Use: Scroll            |     2 |       |     7 ||     9
         Potion            |       |     1 |       ||     1
 Armour: Scale mail        |    27 |       |    30 ||    57
         Chain mail        |    30 |    78 |     3 ||   111
  Dodge: Dodged            |    42 |    90 |    44 ||   176
  Block: Buckler           |    32 |    53 |    31 ||   116

Table legend: (Time is in decaauts)
 A = Elapsed time spent in this place.
 B = Non-inter-level travel time spent in this place.
 C = Inter-level travel time spent in this place.
 D = Time resting spent in this place.
 E = Time spent auto-exploring this place.
 F = Levels seen in this place.
 G = Mean time per level.
                   A        B        C        D        E       F      G
               +--------+--------+--------+--------+--------+-----+--------+
         Total |   5351 |   5195 |    156 |    760 |   3218 |   7 |  764.4 |
       Dungeon |   5229 |   5073 |    156 |    760 |   3218 |   6 |  871.5 |
        Temple |    121 |    121 |      0 |      0 |      0 |   1 |  121.0 |
               +--------+--------+--------+--------+--------+-----+--------+

Top non-repeatable levels by time:
     D:2: 1459 daAuts
     D:1: 1224 daAuts
     D:4: 1022 daAuts
     D:5: 821 daAuts
     D:3: 653 daAuts
  Temple: 121 daAuts
     D:6: 48 daAuts
